 Dungeon Crawl Stone Soup version 0.30.1-4-g462c640d31 (webtiles) character file.

Game seed: 4841814399051601456

379 Babbit the Stinger (level 6, -1/43 HPs)
             Began as a Merfolk Venom Mage on Sept 14, 2023.
             Slain by Duvessa
             ... wielding a +0 rapier
              (6 damage)
             ... on level 4 of the Dungeon.
             The game lasted 00:29:18 (3684 turns).

Babbit the Stinger (Merfolk Venom Mage)             Turns: 3684, Time: 00:29:18

Health: -1/43      AC:  4    Str:  8    XL:     6   Next: 74%
Magic:  2/11       EV: 13    Int: 17    God:
Gold:   260        SH:  0    Dex: 14    Spells: 9/12 levels left

rFire   + . .        k - staff of poison
rCold   . . .        (no shield)
rNeg    . . .        a - +0 robe
rPois   +            p - +0 helmet
rElec   .            (no cloak)
rCorr   .            (no gloves)
SInv    .            r - +0 pair of boots
Will    .....        h - amulet of regeneration
Stlth   ++           s - ring of protection from fire
HPRegen 1.07/turn    (no ring)
MPRegen 0.12/turn

%: no passive effects
@: attractive
A: (nimble swimmer 2), mertail
a: no special abilities


You were on level 4 of the Dungeon.
You visited 1 branch of the dungeon, and saw 4 of its levels.

You collected 260 gold pieces.

Inventory:

Hand Weapons
 d - a +2 dagger of freezing
 t - a +1 flail of protection
Armour
 a - a +0 robe (worn)
 p - a +0 helmet (worn)
 r - a +0 pair of boots (worn)
Magical Staves
 k - a staff of poison (weapon)
Jewellery
 h - an amulet of regeneration (around neck)
 s - a ring of protection from fire (left hand)
Wands
 b - a wand of polymorph (7)
Scrolls
 e - a scroll of magic mapping
 f - a scroll of poison {unknown}
 i - 2 scrolls of vulnerability {unknown}
 j - 2 scrolls of teleportation {unknown}
 l - a scroll of enchant armour {unknown}
 m - 2 scrolls of amnesia
 o - a scroll of immolation {unknown}
 q - a scroll of blinking {unknown}
 u - a scroll of identify {unknown}
 y - 3 scrolls of acquirement {unknown}
Potions
 c - a potion of attraction
 g - a potion of lignification {unknown}
 n - a potion of curing {unknown}
 v - a potion of might {unknown}
 w - a potion of degeneration {unknown}
 x - a potion of berserk rage {unknown}


   Skills:
 + Level 1.5 Fighting
 + Level 0.1 Short Blades
 + Level 3.1 Dodging
 + Level 2.5 Stealth
 + Level 0.1 Unarmed Combat
 + Level 3.8 Spellcasting
 + Level 4.7 Transmutations
 + Level 0.4 Air Magic
 + Level 4.8 Poison Magic


You had 9 spell levels left.
You knew the following spells:

 Your Spells              Type           Power      Damage    Failure   Level
a - Sting                 Tmut/Pois      100%       1d8       2%          1
b - Poisonous Vapours     Pois/Air       36%        N/A       9%          2

Your spell library contained the following spells:

 Spells                   Type           Power      Damage    Failure   Level
 Slow                     Hex            12%        N/A       16%         1
 Olgreb's Toxic Radiance  Pois           29%        N/A       22%         4
 Mephitic Cloud           Conj/Pois/Air  13%        N/A       24%         3
 Confusing Touch          Hex            3%         N/A       43%         3
 Vampiric Draining        Necr           3%         2d6       43%         3
 Anguish                  Hex/Necr       1%         N/A       85%         4
 Cause Fear               Hex            1%         N/A       85%         4
 Enfeeble                 Hex            1%         N/A       100%        7


Dungeon Overview and Level Annotations

Branches:
Dungeon (4/15)
 Temple: D:4-7

Altars:
Fedhas
Wu Jian

Annotations:
D:4 Duvessa


Innate Abilities, Weirdness & Mutations

((You are very nimble when in or above water. (Stealth+, EV+, Speed+++)))
Your lower body shifts to a powerful aquatic tail in water.


Message History

Duvessa barely misses you.
Aiming: Sting (safe; 2% risk of failure)
Press: ? - help, Q - select action, (/) - cycle Shift-Dir - straight line, f/p - Duvessa
Aim: Duvessa, wielding a +0 rapier and wearing a +0 ring mail (moderately wounded, berserk, very poisoned, 84% to hit)
You feel a surge of power!
The sting hits Duvessa but does no damage.
Duvessa looks as sick as possible!
Duvessa is moderately wounded.
Duvessa hits you with a +0 rapier!! Duvessa completely misses you.
Aiming: Sting (safe; 2% risk of failure)
Press: ? - help, Q - select action, (/) - cycle Shift-Dir - straight line, f/p - Duvessa
Aim: Duvessa, wielding a +0 rapier and wearing a +0 ring mail (moderately wounded, berserk, extremely poisoned, 84% to hit)
You feel a surge of power!
The sting hits Duvessa.
Duvessa looks as sick as possible!
Duvessa is heavily wounded.
Duvessa hits you but does no damage.
Aiming: Sting (safe; 2% risk of failure)
Press: ? - help, Q - select action, (/) - cycle Shift-Dir - straight line, f/p - Duvessa
Aim: Duvessa, wielding a +0 rapier and wearing a +0 ring mail (heavily wounded, berserk, extremely poisoned, 84% to hit)
You feel a surge of power!
The sting hits Duvessa but does no damage.
Duvessa looks as sick as possible!
Duvessa is heavily wounded.
Duvessa hits you with a +0 rapier! Duvessa misses you.
Aiming: Sting (safe; 2% risk of failure)
Press: ? - help, Q - select action, (/) - cycle Shift-Dir - straight line, f/p - Duvessa
Aim: Duvessa, wielding a +0 rapier and wearing a +0 ring mail (heavily wounded, berserk, extremely poisoned, 84% to hit)
You feel a surge of power!
The sting hits Duvessa.
Duvessa looks as sick as possible!
Duvessa is severely wounded.
Duvessa hits you with a +0 rapier!
* * * LOW HITPOINT WARNING * * *
It was a potion of attraction.
You feel attractive to monsters. Duvessa barely misses you. x2
A jackal comes into view.
You hit Duvessa.
Duvessa is almost dead.
Duvessa hits you with a +0 rapier.
You die...

**#*####* **,..#...#*
**,,.......##
*,,,........##########
*,,,>......)##.......# ##### *
**,,,.......h#........## #....
***,,,,.......#e....)....# #....
,**,,,,..#...##.@........####....
,**,,,*#*###.*#......[...<.......
,,*,,,* #.*#..........##......
*,,,,,***###.##.............#....
,*,,,,,,,.................#######
,,,,,,,**#####.#.........####
#.......** #..............#####
.........# ###...................
.........# #...........#####...##


You could see Duvessa (berserk, extremely poisoned) and a jackal.

Vanquished Creatures
  A gnoll sergeant (D:4)
  A scorpion (D:4)
  Dowan (D:4)
  A jelly (D:4)
  Robin (D:2)
  4 adders
  4 gnolls
  An ufetubus (D:4)
  2 worms
  3 orcs
  6 endoplasms
  3 giant cockroaches
  20 goblins
  11 hobgoblins
  5 quokkas
  3 ball pythons
  3 bats
  5 frilled lizards
  8 kobolds
  3 rats
86 creatures vanquished.

Notes
Turn   | Place    | Note
-------+----------+-------------------------------------------
     0 | D:1      | Babbit the Merfolk Venom Mage began the quest for the Orb.
     0 | D:1      | Reached XP level 1. HP: 13/13 MP: 3/3
   217 | D:1      | Reached XP level 2. HP: 19/19 MP: 0/5
   595 | D:1      | Found a faded altar of an unknown god.
   953 | D:2      | Reached XP level 3. HP: 24/24 MP: 3/6
  1161 | D:2      | Noticed Robin
  1171 | D:2      | Killed Robin
  1172 | D:2      | Reached skill level 1 in Fighting
  1376 | D:2      | Reached XP level 4. HP: 27/32 MP: 3/7
  1393 | D:2      | Learned a level 2 spell: Poisonous Vapours
  1508 | D:2      | Found a blossoming altar of Fedhas.
  2091 | D:3      | Found an ornate altar of the Wu Jian Council.
  2634 | D:4      | Noticed a gnoll sergeant
  2705 | D:3      | Reached XP level 5. HP: 13/37 MP: 6/9
  3069 | D:4      | Noticed Duvessa
  3069 | D:4      | Noticed Dowan
  3206 | D:4      | Killed Dowan
  3207 | D:4      | Reached XP level 6. HP: 36/43 MP: 5/11
  3684 | D:4      | Slain by Duvessa

Illustrated notes

Levels and vault maps discovered:
D:1:      onia_arrival_pyramid, layout_basic,
          hellmonk_ecumenical_altar_prayer_group
D:2:      layout_loops_ring, basic_altar, chequers_jeans, minmay_pentomino_t2,
          uniq_robin
D:3:      cheibrodos_greedy_goblins, layout_rooms, nzn_wu_jian_contemplation,
          serial_rivers, chequers_serial_rivers_small_3,
          chequers_serial_rivers_micro_d, chequers_serial_rivers_micro_b,
          chequers_serial_rivers_room_b, chequers_serial_rivers_marsh
D:4:      kennysheep_six_static_rooms, layout_rooms, lightli_minifort,
          uniq_duvessa

Skill      XL: |  1  2  3  4  5 |
---------------+----------------+-----
Poison Magic   | 4 |  4.8
Fighting       | 1 |  1.5
Transmutations | 2 3 4 |  4.7
Dodging        | 3 |  3.1
Spellcasting   | 3 |  3.8
Short Blades   | |  0.1
Stealth        | |  2.5
Unarmed Combat | |  0.1
Air Magic      | |  0.4

Action                     |  1- 3 |  4- 6 || total
---------------------------+-------+-------++-------
  Melee: Dagger            |    13 |     1 ||    14
         Unarmed           |    15 |       ||    15
         Staff             |       |    25 ||    25
  Throw: Throwing net      |       |     1 ||     1
   Cast: Sting             |    60 |   102 ||   162
         Poisonous Vapours |       |     4 ||     4
    Use: Scroll            |     1 |     2 ||     3
         Potion            |     1 |     1 ||     2
 Armour: Robe              |     3 |    14 ||    17
         Skin              |     3 |       ||     3
  Dodge: Dodged            |    22 |    45 ||    67
